AoeStats
← Sir_kamadan

Arabia

509420546Analyzed
1v1 RM · 7d ago on Sep 26, 2026· 29m 57s· 2 players
Game mode
Random Map
Map size
Tiny (2 player)
Population
200
Speed
Normal
Resources
Standard
Victory
Conquest
Starting age
Dark Age
Ending age
Imperial Age
RankedLock teamsTeams togetherTeam positionsShared explorationLock speedFull tech treeHidden civsTurbo modeCheats
Victory
Defeat
🇬🇧 Bulgarians · United Kingdom
918
+15
🇭🇺 Armenians · Hungary
895
-15
drbrenneradam
6:28 Loom
10:29 Feudal Age
11:57 Man-at-Arms
15:20 Long Swordsman
17:37 Arson
18:23 Scale Mail Armor
18:36 Pikeman
21:06 Forging
21:48 Double-Bit Axe
21:46 Horse Collar
26:58 Castle Age
29:57 Chain Mail Armor
Sir_kamadan
8:44 Loom
9:24 Loom
11:11 Feudal Age
16:30 Castle Age
19:23 Double-Bit Axe
19:38 Fletching
25:53 Forging
25:45 Scale Mail Armor
25:51 Scale Barding Armor
26:01 Bow Saw
25:34 Horse Collar
28:00 Bloodlines
29:13 Husbandry
29:21 Squires
29:08 Arson
29:09 Gambesons
29:43 Chain Mail Armor
Connection lost

Rejoining the realm…

Still unreachable

The connection could not be restored.

Session expired

The server has moved on; the page needs a fresh start.